 Dungeon Crawl Stone Soup version 0.18.1-8-gdd0e5ea (webtiles) character file.

72 Arkorax the Grave Robber (level 4, -1/37 HPs)
             Began as a Hill Orc Necromancer on May 21, 2016.
             Was an Initiate of Zin.
             Slain by a worm (6 damage)
             ... on level 3 of the Dungeon.
             The game lasted 00:03:36 (2729 turns).

Arkorax the Grave Robber (Hill Orc Necromancer)     Turns: 2729, Time: 00:03:37

Health: -1/37      AC:  4    Str: 11    XL:     4   Next: 26%
Magic:  6/6        EV: 11    Int: 15    God:    Zin [......]
Gold:   40         SH:  0    Dex: 11    Spells: 1 memorised, 5 levels left

rFire  . . .     SeeInvis .     j - +0 hand axe
rCold  . . .     Gourm    .     g - +0 leather armour
rNeg   . . .     Faith    .     (no shield)
rPois  .         Spirit   .     (no helmet)
rElec  .         Dismiss  .     (no cloak)
rCorr  .         Reflect  .     (no gloves)
SustAt .         Harm     .     e - +0 pair of boots
MR     .....                    (no amulet)
Stlth  +.........               (no ring)
                                (no ring)

@: not resistant to hostile enchantments, very unstealthy
A: no striking features
a: Donate Gold, Renounce Religion


You were on level 3 of the Dungeon.
You worshipped Zin.
Zin was noncommittal.
You were hungry.

You visited 1 branch of the dungeon, and saw 3 of its levels.

You collected 89 gold pieces.
You donated 49 gold pieces to Zin.

Inventory:

Hand Weapons
 f - a +0 short sword
 j - a +0 hand axe (weapon)
Armour
 a - a +0 robe
 e - a +0 pair of boots (worn)
 g - a +0 leather armour (worn)
Scrolls
 d - 4 scrolls of identify {unknown}
 h - a scroll of noise {unknown}
 i - a scroll of enchant armour {unknown}
 k - a scroll of immolation {unknown}
 l - a scroll of teleportation {unknown}
 m - a scroll of random uselessness {unknown}
 o - a scroll of fog {unknown}
 p - a scroll of blinking {unknown}
Potions
 q - a potion of resistance {unknown}
 r - a potion of heal wounds {unknown}
Books
 b - a book of Necromancy

   Spells                             Type                      Level
   a - Pain                           Necromancy                   1
   b - Animate Skeleton               Necromancy                   1
   c - Vampiric Draining              Necromancy                   3
   d - Regeneration                   Charms/Necromancy            3
   e - Animate Dead                   Necromancy                   4
   f - Control Undead                 Necromancy                   4
   Zin disapproves of the use of such an item.
Comestibles
 c - 3 bread rations
 n - a meat ration


   Skills:
 * Level 2.6 Fighting
 * Level 1.8 Axes
 + Level 2.5 Armour
 - Level 1.5 Dodging
 - Level 1.5 Stealth
 - Level 1.5 Spellcasting
 - Level 4.0 Necromancy


You had 5 spell levels left.
You knew the following spells:

 Your Spells              Type           Power        Failure   Level  Hunger
a - Pain                  Necr           ##..         10%         1    ##.....


Dungeon Overview and Level Annotations

Branches:
Dungeon (3/15)

Altars:
Dithmenos
Zin


Message History

You hit the worm.
The worm is severely wounded.
You barely miss the worm.
The worm is lightly wounded.
The bat closely misses you. The worm bites you.
Unknown command.
You hit the worm.
The worm is almost dead.
You hit the worm.
The worm is lightly wounded.
You hit the bat.
The bat is severely wounded.
The bat hits you but does no damage. The worm bites you!
* * * LOW HITPOINT WARNING * * *
The bat hits you but does no damage.
Unknown command.
The bat barely misses you. The worm closely misses you.
The bat hits you but does no damage. The worm bites you.
You die...

#.##. #$##. ###.##.###
......... #..##..# #......#
#######
...#.####.###.#######.....##
..........w..............[..
...#!#...wb@#.#######.###...
#.....##.#.### #.#.....
#.....+..#...# #.#.....
#.....######.# #.#.....
#.....# #.#####+#.....
#..<..# #.##....(.....
##....# #.##.......### #....
#......>...###
####......<..#


You could see 2 worms and a bat.

Vanquished Creatures
  An adder (D:2)
  5 worms (D:2)
  2 dart slugs
  A giant gecko (D:2)
  5 bats
  3 giant cockroaches (D:1)
  5 hobgoblins
  4 jackals (D:2)
  2 quokkas (D:2)
  A ball python (D:2)
  A giant newt (D:1)
  4 goblins
  5 kobolds
  3 rats
42 creatures vanquished.

Notes
Turn   | Place    | Note
--------------------------------------------------------------
     0 | D:1      | Arkorax the Hill Orc Necromancer began the quest for the Orb.
     0 | D:1      | Reached XP level 1. HP: 14/14 MP: 3/3
   568 | D:1      | Reached skill level 1 in Armour
   591 | D:1      | Reached skill level 1 in Fighting
   591 | D:1      | Reached XP level 2. HP: 17/23 MP: 4/4
  1353 | D:2      | Reached XP level 3. HP: 25/29 MP: 2/5
  1405 | D:2      | Reached skill level 1 in Axes
  1918 | D:2      | Found a glowing silver altar of Zin.
  1918 | D:2      | Found a shadowy altar of Dithmenos.
  1932 | D:2      | Became a worshipper of Zin the Law-Giver
  2004 | D:2      | Donated 41 gold pieces to Zin
  2079 | D:2      | Reached XP level 4. HP: 18/37 MP: 6/6
  2236 | D:2      | Found a faded altar to an unknown god.
  2729 | D:3      | Slain by a worm

Skill      XL: |  1  2  3 |
---------------+----------+-----
Armour         | 1 2 |  2.5
Fighting       | 1 2 |  2.6
Axes           | 1 |  1.8
Dodging        | |  1.5
Stealth        | |  1.5
Spellcasting   | |  1.5
Necromancy     | |  4.0

Action                   |  1- 3 |  4- 6 || total
-------------------------+-------+-------++-------
Melee: Unarmed           |     9 |       ||     9
       Short sword       |    20 |       ||    20
       Hand axe          |    97 |    41 ||   138
 Cast: Pain              |    15 |       ||    15
Invok: Donate Gold       |     1 |       ||     1
 Stab: Sleeping          |     4 |       ||     4
  Eat: Bread ration      |     1 |       ||     1
       Chunk             |       |     1 ||     1
Armor: Robe              |    20 |       ||    20
       Leather armour    |    25 |    16 ||    41
Dodge: Dodged            |   105 |    36 ||   141
